 Dungeon Crawl Stone Soup version 0.30-a0-142-g7370640ec8 (webtiles) character file.

Game seed: 16526784928926323269

159 qw the Chopper (level 5, -2/32 HPs)
             Began as a Gargoyle Fighter on Sept 26, 2022.
             Slain by a gnoll
             ... wielding a +0 spear
              (4 damage)
             ... on level 4 of the Dungeon.
             The game lasted 00:01:00 (3101 turns).

qw the Chopper (Gargoyle Fighter)                   Turns: 3101, Time: 00:01:00

Health: -2/32      AC: 17    Str: 21    XL:     5   Next: 40%
Magic:  5/5        EV:  5    Int:  9    God:
Gold:   93         SH:  4    Dex: 11    Spells: 4/4 levels left

rFire   + . .      SeeInvis .    Y - +1 war axe
rCold   + . .      Faith    .    c - +0 buckler
rNeg    + + .      Spirit   .    j - +0 plate armour
rPois   inf        Reflect  .    (no helmet)
rElec   +          Harm     .    (no cloak)
rCorr   .          Rampage  .    f - +0 pair of gloves
Will    .....                    a - +0 pair of boots "Von Ijya" {rF+ rC+ rN+ Dex+2}
Stlth   ..........               (no amulet)
HPRegen 0.10/turn                (no ring)
MPRegen 0.09/turn                (no ring)

@: no status effects
A: sickness immunity, AC +4, negative energy resistance 1, electricity
resistance, torment resistance 1, petrification resistance
a: no special abilities


You were on level 4 of the Dungeon.
You visited 1 branch of the dungeon, and saw 4 of its levels.

You collected 93 gold pieces.


Innate Abilities, Weirdness & Mutations

You are immune to sickness and miasma.
Your stone body is resilient. (AC +4)
You are immune to poison.
You resist negative energy. (rN+)
You are resistant to electric shocks. (rElec)
You are resistant to unholy torment.
You are immune to petrification.


   Skills:
 + Level 3.2 Fighting
 - Level 5.0 Axes
 - Level 3.2 Armour
 - Level 3.2 Shields


You had 4 spell levels left.
You didn't know any spells.
Your spell library was empty.

Inventory:

Hand Weapons
 e - a +0 morningstar
 Y - a +1 war axe (weapon)
Armour
 a - the +0 pair of boots "Von Ijya" (worn) {rF+ rC+ rN+ Dex+2}
   (You acquired it on level 1 of the Dungeon)

   Dex:       It affects your dexterity (+2).
   rF:        It protects you from fire.
   rC:        It protects you from cold.
   rN:        It protects you from negative energy.
 c - a +0 buckler (worn)
 f - a +0 pair of gloves (worn)
 j - a +0 plate armour (worn)
Scrolls
 b - 2 scrolls of immolation {unknown}
Potions
 d - a potion of might
 g - a potion of invisibility {unknown}
 h - a potion of haste
 k - a potion of curing {unknown}
 m - a potion of brilliance {unknown}

Dungeon Overview and Level Annotations

Branches:
Dungeon (4/15)
 Temple: D:4-7

Altars:

Shops:
D:2 :


Message History

You barely miss the gnoll.
The gnoll is heavily wounded.
You barely miss the gnoll. You hit the gnoll. You block the gnoll's attack.
The gnoll hits you but does no damage. x5
The gnoll hits you with a +0 whip. The gnoll barely misses you.
You hit the gnoll.
The gnoll is almost dead.
You barely miss the gnoll. You hit the gnoll.
The gnoll hits you but does no damage. x4
You hit the gnoll.
You kill the gnoll!
You hit the gnoll. You barely miss the gnoll.
The gnoll hits you but does no damage. x3
You closely miss the gnoll.
The gnoll is severely wounded.
You hit the gnoll but do no damage. The gnoll hits you but does no damage.
You block the gnoll's attack. The gnoll hits you but does no damage.
You slash the gnoll!
You kill the gnoll!
You barely miss the gnoll.
The gnoll hits you from afar with a +0 spear.
The gnoll hits you but does no damage. The gnoll hits you with a +0 whip.
The gnoll hits you from afar with a +0 spear.
Your Axes skill increases to level 5!
You hit the gnoll but do no damage.
The gnoll is moderately wounded.
The gnoll barely misses you. The gnoll completely misses you.
You hit the gnoll.
The gnoll is severely wounded.
The gnoll hits you from afar with a +0 spear.
The gnoll hits you but does no damage.
You barely miss the gnoll.
The gnoll is severely wounded.
The gnoll barely misses you.
The gnoll hits you but does no damage. x2
You block the gnoll's attack.
You hit the gnoll but do no damage.
The gnoll is severely wounded.
The gnoll hits you from afar with a +0 spear.
You die...

##### ### #.#
############
####.######..........#
...................>.+
####.######..........#
.....# #..........##.
####.# #....$@)......
## #.# #.....)g......
<###.# #......g......
.....# ########......
..##.# ...... ###
...... ..... .....


You could see 2 gnolls.

Vanquished Creatures
  An orc wizard (D:3)
  2 gnolls (D:4)
  5 adders
  2 worms
  A dart slug (D:1)
  6 orcs (D:3)
  8 endoplasms
  A giant cockroach (D:1)
  6 hobgoblins
  A kobold (D:3)
  5 quokkas
  6 ball pythons
  3 bats
  4 frilled lizards
  7 rats
58 creatures vanquished.

Notes
Turn   | Place    | Note
-------+----------+-------------------------------------------
     0 | D:1      | qw the Gargoyle Fighter began the quest for the Orb.
     0 | D:1      | Reached XP level 1. HP: 14/14 MP: 1/1
     0 | D:1      | 0 ||| qw: Version: 0.2-a-10-g399e6c4
     0 | D:1      | 0 ||| qw: Game counter: 451
     0 | D:1      | 0 ||| qw: Always use a shield: true
     0 | D:1      | 0 ||| qw: God list: Okawaru
     0 | D:1      | 0 ||| qw: Allow faded altars: false
     0 | D:1      | 0 ||| qw: Do Orc after D:15 true
     0 | D:1      | 0 ||| qw: Do second Lair branch before Depths: true
     0 | D:1      | 0 ||| qw: Lair rune preference: random
     0 | D:1      | 0 ||| qw: Plans: Normal, Zot:1-4, God:TSO, Crypt, Tomb,
                  | Pan, Slime:5, Hells, Abyss, Orb
     0 | D:1      | 0 ||| PLANNING D:1-11
    48 | D:1      | Reached skill level 2 in Axes
   297 | D:1      | Reached XP level 2. HP: 8/19 MP: 2/2
  1218 | D:1      | 1218 ||| Stepping ~*~*~tactically~*~*~ (hiding).
  1227 | D:1      | Reached skill level 3 in Axes
  1331 | D:1      | 1331 ||| UPGRADING to +0 pair of gloves.
  1336 | D:1      | 1336 ||| UPGRADING to +0 plate armour.
  1346 | D:1      | 1346 ||| DROPPING +0 scale mail.
  1347 | D:1      | 1347 ||| READING scroll labelled JOGGOI QIUPTE.
  1347 | D:1      | Identified a scroll of acquirement
  1347 | D:1      | 1347 ||| ACQUIRING +0 pair of boots "Von Ijya" {rF+ rC+ rN+
                  | Dex+2}
  1347 | D:1      | Acquired the +0 pair of boots "Von Ijya" {rF+ rC+ rN+
                  | Dex+2}
  1349 | D:1      | 1349 ||| UPGRADING to +0 pair of boots "Von Ijya" {rF+ rC+
                  | rN+ Dex+2}.
  1354 | D:1      | 1354 ||| READING scroll labelled DENUTEV GIULU.
  1355 | D:1      | 1355 ||| READING scroll labelled IPNIVA MOVOL.
  1356 | D:1      | 1356 ||| DRINKING 2 glowing sapphire potions.
  1435 | D:2      | Reached XP level 3. HP: 23/23 MP: 3/3
  1477 | D:2      | 1477 ||| Stepping ~*~*~tactically~*~*~ (stealth).
  1584 | D:2      | Found a faded altar of an unknown god.
  1734 | D:2      | Found Defuasm's Book Boutique.
  1937 | D:2      | 1937 ||| READING scroll labelled ALARGH YCROD.
  2090 | D:3      | 2090 ||| DROPPING +0 flail.
  2154 | D:3      | 2154 ||| Stepping ~*~*~tactically~*~*~ (stealth).
  2155 | D:3      | 2155 ||| Stepping ~*~*~tactically~*~*~ (stealth).
  2168 | D:3      | Reached XP level 4. HP: 23/28 MP: 4/4
  2300 | D:3      | Reached skill level 4 in Axes
  2681 | D:3      | Reached XP level 5. HP: 29/32 MP: 5/5
  2902 | D:3      | 2902 ||| READING 2 scrolls labelled JELU EPOMAER.
  3003 | D:3      | 3003 ||| READING scroll labelled FOVVUM BAEMEOP.
  3004 | D:3      | 3004 ||| READING scroll labelled QIUSEN VEHAMAA.
  3005 | D:3      | 3005 ||| DRINKING 3 smoky silvery potions.
  3006 | D:3      | 3006 ||| DROPPING scroll of silence.
  3007 | D:3      | 3007 ||| DROPPING 2 potions of flight.
  3097 | D:4      | HP: 8/32 [gnoll/+0 whip (1)]
  3098 | D:4      | Reached skill level 5 in Axes
  3099 | D:4      | HP: 2/32 [gnoll/+0 spear (3)]
  3101 | D:4      | Slain by a gnoll

Levels and vault maps discovered:
D:1:      dpeg_arrival_rhombus, layout_basic
D:2:      layout_basic, serial_shops, shop, basic_ecumenical_altar,
          serial_rivers, chequers_serial_rivers_room_b,
          chequers_serial_rivers_micro_e, chequers_serial_rivers_room_b,
          chequers_serial_rivers_small_3
D:3:      layout_basic, kennysheep_potato
D:4:      layout_basic, minmay_temple_entry_tees

Skill      XL: |  1  2  3  4  5 |
---------------+----------------+-----
Axes           | 2 3 4 5 |  5.0
Fighting       | |  3.2
Armour         | |  3.2
Shields        | |  3.2

Action                   |  1- 3 |  4- 6 || total
-------------------------+-------+-------++-------
Melee: War axe           |   111 |    73 ||   184
  Use: Scroll            |     4 |     3 ||     7
       Potion            |     1 |     1 ||     2
Armor: Scale mail        |    31 |       ||    31
       Plate armour      |    42 |    63 ||   105
Dodge: Dodged            |    36 |    17 ||    53
Block: Buckler           |    26 |    10 ||    36

Table legend:
 A = Non-vault XP
 B = Vault XP
 C = Vault XP percentage of total XP
 D = Non-vault monster count
 E = Vault monster count
 F = Vault count percentage of total count
                 A         B        C        D         E       F
            +---------+---------+-------+---------+---------+-------
      Total |     227 |       1 |   0.4 |      57 |       1 |   1.7
            +---------+---------+-------+---------+---------+-------
        D:1 |      33 |       0 |   0.0 |      20 |       0 |   0.0
        D:2 |      33 |       0 |   0.0 |      11 |       0 |   0.0
        D:3 |     131 |       1 |   0.8 |      23 |       1 |   4.2
        D:4 |      30 |       0 |   0.0 |       3 |       0 |   0.0
            +---------+---------+-------+---------+---------+-------
